 Dungeon Crawl Stone Soup version 0.14-a0-2899-g175aae5 (webtiles) character file.

282 SomethingShithole the Sneak (level 5, -5/31 HPs)
             Began as a Kobold Assassin on Mar 1, 2014.
             Killed from afar by an orc wizard (12 damage)
             ... with a puff of flame
             ... on Level 3 of the Dungeon.
             The game lasted 00:17:17 (4756 turns).

SomethingShithole the Sneak (Kobold Assassin)       Turns: 4756, Time: 00:17:17

HP  -5/31        AC  4     Str 10      XL: 5   Next: 58%
MP   5/5         EV 14     Int  9      God:
Gold 132         SH  0     Dex 18      Spells:  0 memorised,  4 levels left

rFire  . . .     SeeInvis .     a - +2 dagger
rCold  . . .     Clarity  .     u - +0 leather armour
rNeg   . . .     Conserve .     (no shield)
rPois  .         rCorr    .     (no helmet)
rElec  .         rRot     .     d - +0 cloak
SustAb . .       Spirit   .     (no gloves)
rMut   .         Warding  .     (no boots)
Saprov + + .     Stasis   .     (no amulet)
MR     .....                    (no ring)
                                (no ring)

@: not resistant to hostile enchantments, very stealthy
A: disease resistance, carnivore 3, saprovore 2
a: no special abilities


You were on level 3 of the Dungeon.
You were full.

You visited 1 branch of the dungeon, and saw 3 of its levels.

You collected 132 gold pieces.

Inventory:

Hand weapons
 a - a +2,+2 dagger (weapon)
 b - a +0 blowgun
Missiles
 e - 2 poisoned needles
 f - 2 curare-tipped needles
Armour
 c - a +0 robe
 d - a +0 cloak (worn)
 u - a +0 leather armour (worn)
Magical devices
 p - a wand of digging (9) {unknown}
Comestibles
 g - 3 meat rations
 h - a slice of pizza
 r - a chunk of bat flesh
 w - a chunk of giant newt flesh
 z - a chunk of rat flesh
 A - a royal jelly
 B - a chunk of quokka flesh
Scrolls
 i - 3 scrolls of identify {unknown}
 j - a scroll of fog {unknown}
 k - a scroll of enchant armour {unknown}
 l - a scroll of immolation {unknown}
 q - a scroll of recharging {unknown}
 x - a scroll of teleportation {unknown}
Jewellery
 t - a +5 ring of evasion {unknown}
Potions
 m - 2 potions of agility {unknown}
 n - a potion of poison {unknown}
 o - 3 potions of curing {unknown}
 s - 2 potions of heal wounds {unknown}
 v - a potion of degeneration {unknown}


   Skills:
 - Level 2.3 Fighting
 - Level 2.6 Short Blades
 - Level 2.6 Throwing
 + Level 4.1 Dodging
 + Level 7.4 Stealth


You had 4 spell levels left.
You didn't know any spells.

Dungeon Overview and Level Annotations

Branches:
Dungeon (3/16)

Altars:


Innate Abilities, Weirdness & Mutations

You recuperate from illness quickly.
You are small and have problems with some larger weapons.
You are carnivorous and can eat meat at any time.
You can eat rotten meat.


Message History

The orc closely misses you. Something hits you but does no damage.
You hit the orc.
The orc is severely wounded.
You barely miss the orc.
The orc is severely wounded.
Something hits you but does no damage. The orc hits you with a flail.
* * * LOW HITPOINT WARNING * * *
You barely miss the orc.
The orc is severely wounded.
Something hits you.
* * * LOW HITPOINT WARNING * * *
The orc completely misses you.
You hit the orc but do no damage.
The orc is severely wounded.
Something hits you but does no damage. The orc barely misses you.
You hit the orc.
The orc is almost dead.
You hear some strange, mumbled words.
The puff of flame hits you!
You die...

#.......#.# #......%#.#
#.......#.# #.......#.#
#.......#.# #.......#.#
#.......#.# #.^.....#.#
#.......#.# #..#....#.#
#.......#.###..#....#.#
#..............#......#
+.#....##.#o#.........# #
#....#..#@#..#..#...#
#.###+##oo#.#..##.#...#
#.##.###.##.(#.#..##.#...#
..(..%o....>.............#
...(()o..o#...#.#..##.#...######
.#..##..#...#.#...............
#.o..##..#...#.........#.######
#.............................
#..#####..#.##..........#####.


You could see an orc.

Vanquished Creatures
  Ijyb (D:2)
  Jessica (D:2)
  Terence (D:3)
  2 adders
  A giant mite (D:1)
  2 worms (D:2)
  An orc (D:3)
  A ball python (D:3)
  10 bats
  3 giant cockroaches
  9 goblins
  10 hobgoblins
  4 jackals (D:2)
  6 kobolds
  A quokka (D:3)
  2 giant newts
  12 rats
67 creatures vanquished.

Notes
Turn   | Place    | Note
--------------------------------------------------------------
     0 | D:1      | SomethingShithole, the Kobold Assassin, began the quest for the Orb.
     0 | D:1      | Reached XP level 1. HP: 12/12 MP: 1/1
   313 | D:1      | Reached XP level 2. HP: 17/17 MP: 2/2
   544 | D:2      | Noticed Ijyb
  1132 | D:1      | Reached skill level 6 in Stealth
  1132 | D:1      | Reached XP level 3. HP: 22/22 MP: 3/3
  1775 | D:2      | Killed Ijyb
  1775 | D:2      | Reached XP level 4. HP: 15/27 MP: 4/4
  2906 | D:2      | HP: 1/27 [poisoned by an adder]
  3262 | D:2      | Noticed Jessica
  3383 | D:2      | Killed Jessica
  3383 | D:2      | Reached skill level 7 in Stealth
  3383 | D:2      | Reached XP level 5. HP: 22/31 MP: 5/5
  3982 | D:3      | Noticed Terence
  4108 | D:3      | Killed Terence
  4756 | D:3      | Killed from afar by an orc wizard

Action                   |  1- 3 |  4- 6 || total
-------------------------+-------+-------++-------
Melee: Dagger            |   100 |   202 ||   302
 Fire: Blowgun           |       |     9 ||     9
  Use: Scroll            |     2 |       ||     2
 Stab: Sleeping          |     6 |     5 ||    11
       Distracted        |       |     1 ||     1
